 Dungeon Crawl Stone Soup version 0.18-a0-1267-gff090c1 (webtiles) character file.

518 kae the Carver (level 7, 0/57 HPs)
             Began as a Minotaur Fighter on Feb 6, 2016.
             Was an Initiate of Qazlal.
             Slain by a slave (3 damage)
             ... led by Pikel
             ... on level 3 of the Dungeon.
             The game lasted 00:04:39 (2584 turns).

kae the Carver (Minotaur Fighter)                   Turns: 2584, Time: 00:04:39

Health: 0/57       AC:  8    Str: 21    XL:     7   Next: 1%
Magic:  6/6        EV:  7    Int:  6    God:    Qazlal [......]
Gold:   228        SH:  9    Dex: 10    Spells: 0 memorised, 6 levels left

rFire  . . .     SeeInvis .     a - +0 long sword
rCold  . . .     Gourm    +     b - +0 scale mail
rNeg   . . .     Faith    .     c - +0 shield
rPois  .         Spirit   .     (helmet restricted)
rElec  .         Dismiss  .     j - +0 cloak
rCorr  .         Reflect  .     (no gloves)
SustAt .         Harm     .     (no boots)
MR     .....                    i - amulet of the gourmand
Stlth  ..........               (no ring)
                                (no ring)

@: not resistant to hostile enchantments, extremely unstealthy
A: retaliatory headbutt, horns 2
a: Renounce Religion


You were on level 3 of the Dungeon.
You worshipped Qazlal.
Qazlal was noncommittal.
You were completely stuffed.

You visited 1 branch of the dungeon, and saw 4 of its levels.

You collected 228 gold pieces.

Inventory:

Hand Weapons
 a - a +0 long sword (weapon)
Armour
 b - a +0 scale mail (worn)
 c - a +0 shield (worn)
 j - a +0 cloak (worn)
Jewellery
 i - an amulet of the gourmand (around neck)
Wands
 r - a wand of random effects (26/48)
Scrolls
 h - 2 scrolls of remove curse
 l - a scroll of amnesia
 p - a scroll of identify
Potions
 d - 2 potions of might
 e - a potion of curing
 k - a potion of cancellation {unknown}
 q - a potion of degeneration {unknown}
 s - a potion of cure mutation {unknown}
Comestibles
 f - 3 bread rations
 g - 3 fruits
 m - 2 meat rations
 n - 3 chunks of flesh
 o - a beef jerky


   Skills:
 - Level 3.6 Fighting
 + Level 9.2 Long Blades
 - Level 3.6 Armour
 - Level 3.6 Shields


You had 6 spell levels left.
You didn't know any spells.

Dungeon Overview and Level Annotations

Branches:
Dungeon (4/15)
 Temple: D:4-7

Altars:
Ashenzari
Nemelex Xobeh
Qazlal
Ru

Shops:
D:4 [

Annotations:
D:4 Menkaure, Pikel


Innate Abilities, Weirdness & Mutations

You reflexively headbutt those who attack you in melee.
You have a pair of horns on your head.


Message History

* * * LOW HITPOINT WARNING * * *
You climb upwards.
There is a stone staircase leading down here.
Unknown command.
You slash the slave!
The slave is moderately wounded.
The slave hits you.
* * * LOW HITPOINT WARNING * * *
You slash the slave!
The slave is heavily wounded.
The slave hits you.
* * * LOW HITPOINT WARNING * * *
You hit the slave but do no damage.
The slave is heavily wounded.
You are no longer corroded.
The slave barely misses you.
You closely miss the slave. Your headbutt misses the slave.
The slave is heavily wounded.
The slave hits you.
You die...

### ##.## ##..@#########
########..p.........#
#.................#.#
#.###.####.######.#.#####
#.# #.# #.# #.......# #.#
#.# #.# ###.###.# #.# #.#
#.# #.# #.# ######.# #.#
#.# #)# #.# .......# #.#
#.# #.# #.#


You could see a slave.

Vanquished Creatures
  Sigmund (D:4)
  Blork the orc (D:4)
  A hound (D:4)
  An iguana (D:4)
  A worker ant (D:3)
  4 gnolls
  5 adders
  An ooze (D:3)
  An adder zombie (D:4)
  2 worms (D:2)
  4 giant geckos
  17 orcs
  10 bats
  7 giant cockroaches
  9 goblins
  4 hobgoblins
  9 jackals
  7 kobolds
  2 quokkas
  A giant gecko skeleton (D:4)
  7 giant newts
  8 rats
103 creatures vanquished.

Notes
Turn   | Place    | Note
--------------------------------------------------------------
     0 | D:1      | kae the Minotaur Fighter began the quest for the Orb.
     0 | D:1      | Reached XP level 1. HP: 19/19 MP: 0/0
    81 | D:1      | Reached XP level 2. HP: 26/26 MP: 1/1
    89 | D:1      | Found a shattered altar of Ashenzari.
   218 | D:1      | Reached skill level 4 in Long Blades
   295 | D:1      | Reached XP level 3. HP: 31/31 MP: 2/2
   582 | D:2      | Found a sparkling altar of Nemelex Xobeh.
   612 | D:2      | Found a sacrificial altar of Ru.
   635 | D:2      | Found a stormy altar of Qazlal.
   859 | D:2      | Reached skill level 5 in Long Blades
  1035 | D:2      | Reached XP level 4. HP: 39/39 MP: 3/3
  1414 | D:2      | You fall through a shaft!
  1431 | D:3      | Reached skill level 6 in Long Blades
  1503 | D:3      | Reached XP level 5. HP: 45/45 MP: 4/4
  1855 | D:3      | Reached skill level 7 in Long Blades
  2187 | D:2      | Became a worshipper of Qazlal Stormbringer
  2237 | D:4      | Noticed Sigmund
  2250 | D:4      | Killed Sigmund
  2250 | D:4      | Reached skill level 8 in Long Blades
  2250 | D:4      | Reached XP level 6. HP: 29/51 MP: 5/5
  2347 | D:4      | Found Renex's Armour Emporium.
  2429 | D:4      | Noticed Blork the orc
  2517 | D:4      | Killed Blork the orc
  2517 | D:4      | Reached skill level 9 in Long Blades
  2517 | D:4      | Reached XP level 7. HP: 42/57 MP: 6/6
  2563 | D:4      | Noticed Pikel
  2571 | D:4      | Noticed Menkaure
  2584 | D:3      | Slain by a slave

Vault maps used:
D:1:      evilmike_arrival_hilbert_curve, evilmike_ruin_ashenzari
D:2:      old_standard_altar, lemuel_doored_altar, serial_co_window_serial,
          co_window_paths_a, co_window_paths_a, co_window_paths_b,
          co_window_paths_b, co_window_of_opportunity_a, co_window_corner_a,
          co_window_of_opportunity_a, co_window_2corner, co_window_broadway_c,
          co_window_corner_b, glass_columns_b, glass_columns_b, glass_columns_c,
          glass_columns_a, glass_columns_a, columned_hall_lemuel,
          nicolae_qazlal_general_emergency
D:3:      kennysheep_generic_room_9
D:4:      serial_shops, nicolae_shop_stone, first_bread, st_stairs_8,
          xom_teletrap_fun, uniq_pikel, uniq_menkaure, uniq_blork_the_orc,
          uniq_sigmund

Action                   |  1- 3 |  4- 6 |  7- 9 || total
-------------------------+-------+-------+-------++-------
Melee: Long sword        |    92 |   156 |    12 ||   260
  Use: Scroll            |     6 |     1 |       ||     7
       Potion            |       |     1 |       ||     1
  Eat: Chunk             |       |    18 |       ||    18
